 Dungeon Crawl Stone Soup version 0.31.0-1-g2c135a0 (webtiles) character file.

Game seed: 293086245117647520

71950 jagoly the Unseen (level 15, -8/120 (121) HPs)
             Began as a Merfolk Earth Elementalist on Jan 22, 2024.
             Was the Champion of Dithmenos.
             Mangled by a soul eater (18 damage)
             ... on level 4 of the Swamp.
             The game lasted 05:52:01 (8919 turns).

jagoly the Unseen (Merfolk Earth Elementalist)      Turns: 8919, Time: 05:52:02

HP:   -8/120 (121)  AC: 13    Str:  9    XL:     15   Next: 4%
MP:   27/27         EV: 21    Int: 28    God:    Dithmenos [******]
Gold: 869           SH:  6    Dex: 21    Spells: 12/18 levels left

rFire   + + .        a - +2 dagger (venom)
rCold   + + +        r - +0 buckler
rNeg    . . .        f - +3 troll leather armour {Snorg}
rPois   .            l - +1 hat of the Modern Orbs {Int+4}
rElec   .            Q - scarf {+Inv}
rCorr   +            S - +0 pair of gloves
SInv    .            Y - +0 pair of boots of the Sun {Str+2 Int+6}
Will    ++...        w - amulet of regeneration
Stlth   +++++++++    B - ring of Pisa {rF+++ rCorr MP+9 Str-2 Stlth-}
HPRegen 2.00/turn    M - ring of Yheog {rF- rC+++ rCorr AC+4 Dex+3}
MPRegen 0.20/turn

%: no passive effects
@: enlightened, flying, very slightly contaminated, wreathed by umbra, studying
Stealth, lightly drained, invisible
A: (nimble swimmer 2), mertail
a: Renounce Religion, Evoke Invisibility, Shadow Step, Shadow Form


You were on level 4 of the Swamp.
You worshipped Dithmenos.
Dithmenos was exalted by your worship.
You visited 4 branches of the dungeon, and saw 21 of its levels.
You also visited: Bailey, Gauntlet and Ice Cave.

You collected 1079 gold pieces.
You spent 210 gold pieces at shops.

Inventory:

Hand Weapons
 a - a +2 dagger of venom (weapon)
 b - a +0 scimitar
Missiles
 D - 11 poisoned darts (quivered)
 E - 6 atropa-tipped darts
 K - 4 curare-tipped darts
 O - 17 javelins
 R - 2 throwing nets
Armour
 f - a +3 troll leather armour (worn) {Snorg}
 l - the +1 hat of the Modern Orbs (worn) {Int+4}
   (You found it on level 10 of the Dungeon)

   Int+4:     It affects your intelligence (+4).
 r - a +0 buckler (worn)
 Q - a scarf of invisibility (worn)
 S - a +0 pair of gloves (worn)
 Y - the +0 pair of boots of the Sun (worn) {Str+2 Int+6}
   (You found it on level 10 of the Dungeon)

   Str+2:     It affects your strength (+2).
   Int+6:     It affects your intelligence (+6).
Jewellery
 o - the ring "Gamuna" {Str+4 Dex+6 Stlth+}
   (You found it in a Gauntlet)

   [ring of dexterity]

   Str+4:     It affects your strength (+4).
   Dex+6:     It affects your dexterity (+6).
   Stlth+:    It makes you more stealthy.
 s - a ring of see invisible
 w - an amulet of regeneration (around neck)
 x - a ring of positive energy
 B - the ring of Pisa (left hand) {rF+++ rCorr MP+9 Str-2 Stlth-}
   (You found it on level 2 of the Lair of Beasts)

   [ring of magical power]

   Str-2:     It affects your strength (-2).
   rF+++:     It renders you almost immune to fire.
   MP+9:      It affects your magic capacity (+9).
   rCorr:     It protects you from acid and corrosion.
   Stlth-:    It makes you less stealthy.
 M - the ring of Yheog (right hand) {rF- rC+++ rCorr AC+4 Dex+3}
   (You found it in a bailey)

   [ring of protection]

   AC+4:      It affects your AC (+4).
   Dex+3:     It affects your dexterity (+3).
   rF-:       It makes you vulnerable to fire.
   rC+++:     It renders you almost immune to cold.
   rCorr:     It protects you from acid and corrosion.
Wands
 i - a wand of light (20)
 u - a wand of flame (10)
 A - a wand of digging (3)
 F - a wand of paralysis (22)
 V - a wand of mindburst (19)
 W - a wand of iceblast (22)
Scrolls
 d - a scroll of fog {unknown}
 g - a scroll of vulnerability {unknown}
 h - 4 scrolls of enchant armour
 m - a scroll of fear {unknown}
 v - a scroll of poison {unknown}
 y - 2 scrolls of enchant weapon {unknown}
 C - a scroll of blinking {unknown}
 J - 3 scrolls of teleportation
 P - a scroll of butterflies
 T - 2 scrolls of immolation {unknown}
 U - 2 scrolls of brand weapon {unknown}
 X - 2 scrolls of torment {unknown}
Potions
 c - 2 potions of resistance
 j - 5 potions of heal wounds
 k - 4 potions of magic
 n - 2 potions of ambrosia
 q - 3 potions of mutation
 t - a potion of enlightenment
 z - a potion of curing {unknown}
 G - a potion of might {unknown}
 H - 2 potions of brilliance {unknown}
 I - 3 potions of haste
 L - a potion of degeneration {unknown}
 N - 3 potions of cancellation
 Z - a potion of attraction {unknown}
Miscellaneous
 p - a lightning rod (1/4)


   Skills:
 - Level 12.2 Fighting
 - Level 6.0(10.5) Short Blades
 - Level 13.4(14.0) Long Blades
 - Level 2.0 Throwing
 - Level 3.8 Armour
 - Level 14.5 Dodging
 - Level 15.8 Stealth
 - Level 5.9 Shields
 - Level 2.0 Spellcasting
 - Level 0.7 Conjurations
 - Level 3.9 Translocations
 - Level 4.0 Earth Magic
 - Level 2.0 Invocations
 + Level 9.3 Evocations


You had 12 spell levels left.
You knew the following spells:

 Your Spells              Type           Power      Damage    Failure   Level
a - Sandblast             Erth           50%        2d12      3%          1
w - Passwall              Erth           25%        N/A       10%         3
B - Blink                 Tloc           48%        N/A       5%          2

Your spell library contained the following spells:

 Spells                   Type           Power      Damage    Failure   Level
 Magic Dart               Conj           24%        1d4       13%         1
 Necrotise                Necr           8%         1d4       17%         1
 Summon Small Mammal      Summ           8%         N/A       17%         1
 Stone Arrow              Conj/Erth      32%        3d9       21%         3
 Volatile Blastmotes      Fire/Tloc      26%        2d12      24%         3
 Call Imp                 Summ           4%         N/A       26%         2
 Dazzling Flash           Conj/Hex       8%         N/A       41%         3
 Call Canine Familiar     Summ           2%         N/A       45%         3
 Sigil of Binding         Hex            2%         N/A       45%         3
 Vampiric Draining        Necr           2%         2d6       45%         3
 Brom's Barrelling Bould  Conj/Erth      16%        2d4       54%         4
 Leda's Liquefaction      Alch/Erth      7%         N/A       58%         4
 Petrify                  Alch/Erth      14%        N/A       58%         4
 Dimensional Bullseye     Hex/Tloc       6%         N/A       61%         4
 Lee's Rapid Deconstruct  Erth           12%        3d9*      67%         5
 Martyr's Knell           Necr/Summ      2%         N/A       86%         4
 Summon Blazeheart Golem  Fire/Summ      2%         N/A       86%         4
 Curse of Agony           Necr           2%         N/A       99%         5
 Bombard                  Conj/Erth      8%         9d2       100%        6
 Starburst                Conj/Fire      2%         6d3       100%        6
 Maxwell's Capacitive Co  Air            1%         ∞         100%        8


Dungeon Overview and Level Annotations

Branches:
Dungeon (11/15) Zot: 25835  Temple (1/1) D:7 Zot: 5997    Lair (5/5) D:8 Zot: 25281
  Swamp (4/4) Lair:2 Zot: 23616   Snake (0/4) Lair:3        Slime (0/5) Lair:5
 Bailey (visited)           IceCv (visited)         Gauntlet (visited)
    Orc: D:9-12

Altars:
Ashenzari
Cheibriados
Dithmenos
Elyvilon
Fedhas
Gozag
Hepliaklqana
Makhleb
Nemelex Xobeh
Okawaru
Qazlal
Ru
Sif Muna
Trog
Uskayaw
Vehumet
Wu Jian
Xom
Yredelemnul
Zin
The Shining One
Jiyva

Shops:
D:1 :   D:4 =*   D:8 (   D:9 :

Annotations:
D:6 2 transporters, Caterwaul's ghost, novice TrSh
D:9 Zagger's ghost, novice DsFE
Temple 2 transporters
Lair:2 Nergalle


Innate Abilities, Weirdness & Mutations

((You are very nimble when in or above water. (Stealth+, EV+, Speed+++)))
Your lower body shifts to a powerful aquatic tail in water.


Message History

This square is wreathed by an umbra.
There is a cloud of black smoke here.
Your legs become a tail as you enter the water.
The +0 pair of boots of the Sun {Str+2 Int+6} melds into your body.
A spriggan druid comes into view. It is wielding a +0 quarterstaff.
Aiming: Throw Flame
Press: ? - help, Shift-Dir - straight line, f - spriggan druid
Aim: a spriggan druid, wielding a +0 quarterstaff and wearing a +0 robe (umbra, 51% to hit)
The spriggan druid shouts!
The thorn hunter fires a volley of thorns at you.
The volley of thorns hits you!!
* * * LOW HITPOINT WARNING * * *
Aiming: Bolt of Light
Press: ? - help, Shift-Dir - straight line, f - thorn hunter, p - spriggan druid
Aim: a thorn hunter (black smoke, lightly damaged, umbra, 77% to hit)
The bolt of light hits the thorn hunter!
The thorn hunter is moderately damaged.
The spriggan druid is engulfed in a cloud of scalding steam.
The spriggan druid calls out to the beasts of the wild!
Aiming: Throw Flame
Press: ? - help, Shift-Dir - straight line, p - thorn hunter
Okay, then.
Cast which spell? (? or * to list)
You blink.
Floosh!
The thorn hunter barely misses you. The thorn hunter misses you.
A bunyip comes into view.
Press: ? - help, v - describe, . - travel
Here: a thorn hunter (moderately damaged, umbra)
The floor.
Unknown command.
As you read the scroll of teleportation, it crumbles to dust.
You feel strangely unstable.
The thorn hunter gestures.
Thorny briars emerge from the ground!
The thorn hunter barely misses you. You block the thorn hunter's attack.
Press: ? - help, v - describe, . - travel Some shallow water.
This square is wreathed by an umbra.
There is a cloud of steam here.
Unknown command.
Unknown command.
Aiming: Iceblast
Press: ? - help, Shift-Dir - straight line, f - spriggan druid
Aim: a spriggan druid, wielding a +0 quarterstaff and wearing a +0 robe (moderately wounded, umbra)
The mass of ice explodes!
The iceblast engulfs the spriggan druid!!
The spriggan druid is almost dead.
You hear a trumpeting!
You block the thorn hunter's attack. The thorn hunter closely misses you.
Press: ? - help, v - describe, . - travel
Here: a thorn hunter (steam, moderately damaged, umbra)
The floor.
Unknown command.
Hit: a) +2 dagger (venom)
Press: ? - help, Dir - move target, f/p - spriggan druid
Aim: a spriggan druid, wielding a +0 quarterstaff and wearing a +0 robe (almost dead, umbra, about 43% to evade your +2 dagger of venom)
You hit the spriggan druid but do no damage.
You tail-slap the spriggan druid, but do no damage.
The spriggan druid is almost dead.
Hit: a) +2 dagger (venom)
Press: ? - help, Dir - move target, f/p - spriggan druid
Aim: a spriggan druid, wielding a +0 quarterstaff and wearing a +0 robe (almost dead, umbra, about 43% to evade your +2 dagger of venom)
You miss the spriggan druid.
Your tail-slap misses the spriggan druid.
The spriggan druid is almost dead.
Your shadow barely misses the spriggan druid.
The bunyip howls a warning cry!
The thorn hunter fires a volley of thorns at you.
The volley of thorns hits you!!
* * * LOW HITPOINT WARNING * * *
The spriggan druid misses you.
You hear a shout! x2; You hear a chilling moan.
Hit: a) +2 dagger (venom)
Press: ? - help, Dir - move target, f/p - spriggan druid
Aim: a spriggan druid, wielding a +0 quarterstaff and wearing a +0 robe (almost dead, umbra, about 43% to evade your +2 dagger of venom)
You hit the spriggan druid.
The spriggan druid is poisoned.
The spriggan druid is almost dead.
The thorn hunter completely misses you.
The thorn hunter hits you but does no damage.
The spriggan druid calls out to the beasts of the wild!
Press: ? - help, v - describe, . - travel
Here: a bunyip (black smoke, umbra) Some shallow water.
Unknown command.
Unknown command.
Unknown command.
Unknown command.
Press: ? - help, v - describe, . - travel
Here: a spriggan druid, wielding a +0 quarterstaff and wearing a +0 robe (almost dead, very poisoned, umbra) Some shallow water.
Unknown command.
Your surroundings suddenly seem different.
The +0 pair of boots of the Sun {Str+2 Int+6} unmelds from your body.
A hellwing, a deep elf zephyrmancer and 2 spriggan druids come into view.
A spriggan druid is wielding a +0 spectral quarterstaff.
The deep elf zephyrmancer splashes around in the water.
Unknown command.
Press: ? - help, v - describe, . - travel The floor.
This square is wreathed by an umbra.
Unknown command.
Press: ? - help, v - describe, . - travel
Here: a deep elf zephyrmancer, wielding a +3 short sword and wearing a +0 ring mail (umbra) Some shallow water.
Unknown command.
Press: ? - help, v - describe, . - travel
Here: a hellwing (umbra) Some shallow water.
Unknown command.
Press: ? - help, v - describe, . - travel
Here: a hellwing (umbra) Some shallow water.
Unknown command.
Unknown command.
Okay, then.
Unknown command.
Okay, then.
Press: ? - help, v - describe, . - travel
Here: a deep elf zephyrmancer, wielding a +3 short sword and wearing a +0 ring mail (umbra) Some shallow water.
Unknown command.
Okay, then.
Okay, then.
Unknown command.
Press: ? - help, v - describe, . - travel
Here: a hellwing (umbra) Some shallow water.
Unknown command.
Press: ? - help, v - describe, . - travel
Here: a deep elf zephyrmancer, wielding a +3 short sword and wearing a +0 ring mail (umbra) Some shallow water.
You feel drained.
You fade into invisibility!
You are very lightly contaminated with residual magic.
You feel ready to blink again. Dithmenos accepts your kill.
You hear a splash. x2
You feel a bit more experienced.
The spriggan druid casts a spell at you.
The stone arrow misses you.
The deep elf zephyrmancer hits you with a +3 short sword.
* * * LOW HITPOINT WARNING * * *
A tyrant leech comes into view.
The hellwing closely misses you. x2
Hit: a) +2 dagger (venom)
Press: ? - help, Dir - move target, f - spriggan druid
Aim: a spriggan druid, wielding a +0 quarterstaff and wearing a +0 robe (umbra, about 43% to evade your +2 dagger of venom)
Okay, then.
Unknown command.
Okay, then.
Okay, then.
Hit: a) +2 dagger (venom)
Press: ? - help, Dir - move target, f - deep elf zephyrmancer
Aim: a deep elf zephyrmancer, wielding a +3 short sword and wearing a +0 ring mail (unable to see you, umbra, about 30% to evade your +2 dagger of venom)
You hit the deep elf zephyrmancer.
The deep elf zephyrmancer is poisoned.
The deep elf zephyrmancer is lightly wounded.
Your shadow hits the deep elf zephyrmancer but does no damage.
The spriggan druid hits you with a +0 quarterstaff!
* * * LOW HITPOINT WARNING * * *
Press: ? - help, v - describe, . - travel
Here: a spriggan druid, wielding a +0 quarterstaff and wearing a +0 robe (umbra) Some shallow water.
Unknown command.
Unknown command.
Unknown command.
Unknown command.
Unknown command.
Aiming: Mindburst
Press: ? - help, Shift-Dir - straight line, f/p - deep elf zephyrmancer
Aim: a deep elf zephyrmancer, wielding a +3 short sword and wearing a +0 ring mail (lightly wounded, unable to see you, very poisoned, umbra, chance to affect: 76%)
Okay, then.
Press: ? - help, v - describe, . - travel Some shallow water.
This square is wreathed by an umbra.
Throw: 11 darts (poison)
Press: ? - help, Q - select action, (/) - cycle Shift-Dir - straight line, f - spriggan druid, p - deep elf zephyrmancer
Aim: a spriggan druid, wielding a +0 spectral quarterstaff and wearing a +0 robe (umbra, 42% to hit)
Okay, then.
Unknown command.
Okay, then.
Unknown command.
Press: ? - help, v - describe, . - travel
Here: a deep elf zephyrmancer, wielding a +3 short sword and wearing a +0 ring mail (lightly wounded, unable to see you, very poisoned, umbra) Some shallow water.
As you read the scroll of butterflies, it crumbles to dust.
You hear the flapping of tiny wings.
The spriggan druid is knocked back by the sudden gust.
The deep elf zephyrmancer is knocked back by the sudden gust.
The hellwing is knocked back by the sudden gust.
The spriggan druid gestures wildly while chanting.
The forest starts to sway and rumble!
The deep elf zephyrmancer gestures at you while chanting.
The bolt of lightning misses you.
The bolt of lightning misses your butterfly. x2
The hellwing misses your butterfly. The hellwing hits your butterfly.
Your butterfly dies!
Your butterfly disappears in a burst of colours!
You hear a shout! x2; You hear a chilling moan.
You hear a screech!
You hear a chilling moan.
You hear a hideous shriek!
Press: ? - help, v - describe, . - travel A mangrove, awoken (hostile).
This square is wreathed by an umbra.
Press: ? - help, v - describe, . - travel A mangrove, awoken (hostile).
This square is wreathed by an umbra.
Unknown command.
Unknown command.
Press: ? - help, v - describe, . - travel A stone wall.
This square is wreathed by an umbra.
Unknown command.
Unknown command.
Unknown command.
Unknown command.
Unknown command.
Unknown command.
Unknown command.
Unknown command.
Unknown command.
Unknown command.
Unknown command.
Unknown command.
Unknown command.
Unknown command.
Unknown command.
Unknown command.
Okay, then.
Unknown command.
Unknown command.
You swap places.
A root smacks your butterfly from below!
Your butterfly dies!
Your butterfly disappears in a burst of colours!
A tree reaches out and hits your butterfly!!
Your butterfly dies!
Your butterfly disappears in a burst of colours!
A tree reaches out but misses your butterfly.
A tree reaches out and hits your butterfly!
Your butterfly dies!
Your butterfly disappears in a burst of colours!
Your butterfly is hit by a branch!
Your butterfly dies!
Your butterfly disappears in a burst of colours!
A tree reaches out and hits your butterfly!!
Your butterfly dies!
Your butterfly disappears in a burst of colours!
Your butterfly is hit by a branch!!
Your butterfly dies!
Your butterfly disappears in a burst of colours!
A tree reaches out but misses your butterfly.
Your butterfly is hit by a branch!!
Your butterfly dies!
Your butterfly disappears in a burst of colours!
Your butterfly is hit by a branch!!
Your butterfly dies!
Your butterfly disappears in a burst of colours!
Your butterfly is hit by a branch!
Your butterfly dies!
Your butterfly disappears in a burst of colours!
A root smacks your butterfly from below!
Your butterfly dies!
Your butterfly disappears in a burst of colours!
A tree reaches out and hits your butterfly!!
Your butterfly dies!
Your butterfly disappears in a burst of colours!
Your butterfly is waved at by a branch.
Your butterfly is hit by a branch!!
Your butterfly dies!
Your butterfly disappears in a burst of colours!
A tree reaches out and hits your butterfly!
Your butterfly dies!
Your butterfly disappears in a burst of colours!
A tree reaches out and hits your butterfly!
Your butterfly dies!
Your butterfly disappears in a burst of colours!
The spriggan druid misses your butterfly.
The deep elf zephyrmancer gestures at your butterfly while chanting.
The bolt of lightning hits your butterfly!!
Your butterfly dies!
Your butterfly disappears in a burst of colours!
You hear a trumpeting!
You hear a roar!
You hear a shout! x3
You hear a screech!
Unknown command.
Unknown command.
Unknown command.
Unknown command.
Press: ? - help, v - describe, . - travel
Here: a butterfly (summoned, friendly, umbra) Some shallow water.
Unknown command.
Hit: a) +2 dagger (venom)
Press: ? - help, Dir - move target, f - spriggan druid, p - deep elf zephyrmancer
Aim: a spriggan druid, wielding a +0 spectral quarterstaff and wearing a +0 robe (ally target, umbra, about 43% to evade your +2 dagger of venom)
Okay, then.
Unknown command.
Aiming: Bolt of Light
Press: ? - help, Shift-Dir - straight line, p - deep elf zephyrmancer The bolt of light hits the spriggan druid!!
The spriggan druid is heavily wounded.
The spriggan druid is blinded.
The bolt of light hits the spriggan druid!!
The spriggan druid is severely wounded.
The spriggan druid is blinded.
A root smacks your butterfly from below!!
Your butterfly dies!
Your butterfly disappears in a burst of colours!
A root smacks your butterfly from below!!
Your butterfly dies!
Your butterfly disappears in a burst of colours!
Your butterfly is waved at by a branch.
A tree reaches out and hits your butterfly!!
Your butterfly dies!
Your butterfly disappears in a burst of colours!
A tree reaches out and hits your butterfly!
Your butterfly dies!
Your butterfly disappears in a burst of colours!
Your butterfly is hit by a branch!
Your butterfly dies!
Your butterfly disappears in a burst of colours!
A tree reaches out and hits your butterfly!!
Your butterfly dies!
Your butterfly disappears in a burst of colours!
The spriggan druid barely misses you.
The +0 spectral quarterstaff closely misses you.
The spriggan druid gestures at you while chanting.
The stone arrow hits the spriggan druid!!
The spriggan druid dies!
You hear a splash. x2
The forest abruptly stops moving.
The +0 spectral quarterstaff disappears.
The deep elf zephyrmancer points at you and mumbles some strange words.
The bolt of lightning misses your butterfly.
The bolt of lightning misses you.
The mangrove smoulders and burns.
The tyrant leech completely misses your butterfly.
The hellwing closely misses your butterfly.
The hellwing hits your butterfly.
Your butterfly dies!
Your butterfly disappears in a burst of colours!
Unknown command.
Unknown command.
Unknown command.
Unknown command.
Unknown command.
Unknown command.
Okay, then.
The spriggan druid splashes around in the water.
The hellwing completely misses you.
The hellwing hits you but does no damage.
Hit: a) +2 dagger (venom)
Press: ? - help, Dir - move target, f - hellwing
Aim: a hellwing (unable to see you, umbra, about 25% to evade your +2 dagger of venom)
You catch the helpless hellwing completely off-guard!
You skewer the hellwing like a kebab!!!
You kill the hellwing!
Dithmenos accepts your kill.
Your butterfly is engulfed in blazing flames.
Your butterfly dies!
Your butterfly disappears in a burst of colours!
You swap places.
Your legs become a tail as you enter the water. ...but don't expect to remain undetected.
The +0 pair of boots of the Sun {Str+2 Int+6} melds into your body.
The spriggan druid gestures at your butterfly while chanting.
The stone arrow hits you!!
* * * LOW HITPOINT WARNING * * *
Unknown command.
Unknown command.
Unknown command.
Unknown command.
Unknown command.
The +0 pair of boots of the Sun {Str+2 Int+6} unmelds from your body.
The tyrant leech completely misses your butterfly.
Okay, then.
Unknown command.
Unknown command.
Aiming: Iceblast
Press: ? - help, Shift-Dir - straight line
Okay, then.
Unknown command.
A fenstrider witch comes into view.
The tyrant leech closely misses your butterfly.
Aiming: Throw Flame
Press: ? - help, Shift-Dir - straight line The puff of flame hits the spriggan druid!
You kill the spriggan druid!
Dithmenos accepts your kill.
You hear a splash. x2
Your butterfly is engulfed in a cloud of scalding steam.
You kill your butterfly!
Your butterfly disappears in a burst of colours!
Press: ? - help, v - describe, . - travel
Here: a fenstrider witch, wearing a +0 robe (umbra) Some shallow water.
Unknown command.
Press: ? - help, v - describe, . - travel
Here: a fenstrider witch, wearing a +0 robe (umbra) Some shallow water.
Unknown command.
You feel very buoyant.
You fly up into the air.
An arcanist comes into view. It is wielding a +0 dagger.
An ogre mage comes into view. It is wielding a +0 whip.
The tyrant leech bites your butterfly!!
Your butterfly dies!
Your butterfly disappears in a burst of colours!
The fenstrider witch gestures at you while chanting.
You easily resist.
The arcanist shouts!
Aiming: Bolt of Light
Press: ? - help, Shift-Dir - straight line, f - ogre mage
Aim: an ogre mage, wielding a +0 whip and wearing a +0 robe (umbra, 84% to hit)
The bolt of light hits the fenstrider witch.
The fenstrider witch is lightly wounded.
The fenstrider witch is blinded.
The bolt of light hits the arcanist!!
The arcanist is heavily wounded.
The arcanist is blinded.
The bolt of light hits the ogre mage!
The ogre mage is moderately wounded.
The ogre mage is blinded.
The deep elf zephyrmancer looks more healthy.
Press: ? - help, v - describe, . - travel The floor.
This square is wreathed by an umbra.
Unknown command.
Press: ? - help, v - describe, . - travel
Here: a fenstrider witch, wearing a +0 robe (thin mist, lightly wounded, blind, unable to see you, umbra) Some shallow water.
Unknown command.
Press: ? - help, v - describe, . - travel
Here: a fenstrider witch, wearing a +0 robe (thin mist, lightly wounded, blind, unable to see you, umbra) Some shallow water.
Okay, then.
Unknown command.
Press: ? - help, v - describe, . - travel
Here: a fenstrider witch, wearing a +0 robe (thin mist, lightly wounded, blind, unable to see you, umbra) Some shallow water.
Unknown command.
Press: ? - help, v - describe, . - travel
Here: a fenstrider witch, wearing a +0 robe (thin mist, lightly wounded, blind, unable to see you, umbra) Some shallow water.
Unknown command.
Press: ? - help, v - describe, . - travel
Here: a fenstrider witch, wearing a +0 robe (thin mist, lightly wounded, blind, unable to see you, umbra) Some shallow water.
Unknown command.
Unknown command.
Unknown command.
Aiming: Thunderbolt
Press: ? - help, Shift-Dir - straight line The thunderbolt hits the fenstrider witch!
The fenstrider witch is moderately wounded.
The thunderbolt hits the ogre mage!!
The ogre mage is severely wounded.
You hear a trumpeting!
You hear a roar!
Aiming: Thunderbolt
Press: ? - help, Shift-Dir - straight line The thunderbolt hits the fenstrider witch!!
The fenstrider witch is severely wounded.
The thunderbolt hits the arcanist!!!
You kill the arcanist!
Dithmenos accepts your kill.
You hear a splash. x2
The thunderbolt hits the ogre mage!!
You kill the ogre mage!
Dithmenos accepts your kill.
You hear a splash. x2
The tyrant leech barely misses you. The fenstrider witch hits you!
* * * LOW HITPOINT WARNING * * *
The fenstrider witch kicks you.
* * * LOW HITPOINT WARNING * * *
Your Evocations skill increases to level 9!
You have reached level 15!
Your experience leads to an increase in your attributes!
Your base attributes are Str 9, Int 17, Dex 16.
Increase (S)trength, (I)ntelligence, or (D)exterity?
You feel agile. x2; You feel clever.
Unknown command.
Hit: a) +2 dagger (venom)
Press: ? - help, Dir - move target, f - tyrant leech
Aim: a tyrant leech (unable to see you, umbra, about 35% to evade your +2 dagger of venom)
Okay, then.
Unknown command.
Press: ? - help, v - describe, . - travel
Here: a fenstrider witch, wearing a +0 robe (severely wounded, blind, unable to see you, umbra) Some shallow water.
Unknown command.
Aiming: Thunderbolt
Press: ? - help, Shift-Dir - straight line The thunderbolt hits the deep elf zephyrmancer!!!
You kill the deep elf zephyrmancer!
Dithmenos accepts your kill.
You hear a splash. x3
The thunderbolt hits the fenstrider witch!!
The fenstrider witch is almost dead.
You hear a shout! x2
The soul eater misses your butterfly. The fenstrider witch misses you. x2
The tyrant leech bites you!!
* * * LOW HITPOINT WARNING * * *
The tyrant leech draws strength from your injuries!
The soul eater draws from the surrounding life force!
You die...

~~~~~~##f.°~.~~♣
~~~§~##§##~~.~~♣ ##
~~i~##~.#[##♣~~♣ #∩
~~~.#♣.§~#.# ~♣ #~#
~f~##§f§~#~.# ~♣
#.~# §x§#♣§~~~##.(#
♣##.~#
§.§#§§.~~♣#~~b♣#~.§~
..#[§..~~.##♣~.~~~♣
<♣#~.♣~~~~.##~))@~#
.♣#.§~~/~~##♣~~bw.♣
~.#..~~♣### ♣3.8$H♣
~~#§~♣## #.~~♣§~~#
~~#♣♣# ~~~#♣♣♣♣♣#)~
..# ## )## ~~. ~ ♣~~
♣♣


You could see a fenstrider witch (blind, unable to see you), a tyrant leech
(unable to see you) and a soul eater.

Vanquished Creatures
  Kirke (Lair:5)
  A fenstrider witch (Swamp:3)
  3 eleionomae
  A dire elephant (Lair:5)
  A minotaur (Gauntlet)
  Snorg (Lair:4)
  A blizzard demon (Swamp:4)
  An ice dragon (Lair:3)
  2 hydras
  2 ogre magi (Swamp:4)
  3 alligators
  A catoblepas (Lair:5)
  3 boulder beetles
  A ghost crab (Swamp:2)
  2 two-headed ogres
  A deep troll shaman (Lair:5)
  A thrashing horror (Gauntlet)
  Urug (Lair:2)
  3 death yaks (Lair:5)
  A sixfirhy (Swamp:4)
  A skyshark (Lair:2)
  An arcanist (Swamp:4)
  8 spriggan druids
  2 bog bodies
  A swamp dragon (Swamp:3)
  2 lindwurms (Lair:2)
  A deep elf pyromancer (Bailey)
  4 deep elf zephyrmancers
  An orc knight (Bailey)
  A cyclops (D:11)
  An orc sorcerer (Swamp:4)
  A manticore (D:10)
  Maurice (D:7)
  A will-o-the-wisp (Swamp:3)
  4 elephants (Lair:5)
  2 black mambas
  3 orange demons (Swamp:4)
  Maggie (D:9)
  9 cane toads
  3 rime drakes
  3 komodo dragons
  A queen bee (Gauntlet)
  A troll (D:11)
  2 hellwings (Swamp:4)
  6 polar bears
  4 hornets
  6 dream sheep (Lair:5)
  5 blink frogs
  5 slime creatures (D:9)
  4 centaur simulacra (Gauntlet)
  3 wyverns
  6 hogs (Lair:5)
  2 wraiths
  30 yaks
  A steam dragon (D:8)
  3 basilisks
  A vampire mosquito (Swamp:4)
  Menkaure (D:7)
  3 chaos spawn (Swamp:4)
  3 nagas (Lair:3)
  4 swamp worms
  An acid dragon (D:9)
  17 water moccasins
  5 black bears
  3 ice beasts
  7 orc warriors
  A swamp drake (D:10)
  2 sky beasts
  3 ogres
  25 wolves
  5 centaurs
  3 phantoms
  2 kobold brigands
  14 bullfrogs
  3 scorpions
  2 small abominations (Gauntlet)
  9 killer bees
  A crimson imp (D:10)
  A gnoll bouda (D:6)
  A jelly (D:5)
  A sleepcap (D:5)
  6 orc priests
  A wyvern simulacrum (Gauntlet)
  3 hounds
  An iron imp (D:10)
  Ijyb (D:3)
  2 iguanas (D:6)
  5 orc wizards
  5 hell rats (Lair:3)
  A polar bear simulacrum (IceCv)
  6 gnolls (D:6)
  7 adders
  A shadow imp (D:10)
  A white imp (D:10)
  A dart slug (D:1)
  A ribbon worm (D:3)
  31 orcs
  6 ball pythons
  A bat (D:1)
  13 endoplasms
  A giant cockroach (D:1)
  10 goblins
  7 hobgoblins
  17 kobolds
  4 quokkas
  4 frilled lizards (D:1)
  4 rats
419 creatures vanquished.

Vanquished Creatures (others)
  A sixfirhy (Swamp:4)
  A spriggan druid (Swamp:4)
  An orc wizard (D:10)
  6 foxfires (Swamp:3)
9 creatures vanquished.

Grand Total: 428 creatures vanquished

Notes
Turn   | Place    | Note
-------+----------+-------------------------------------------
     0 | D:1      | jagoly the Merfolk Earth Elementalist began the quest for
                  | the Orb.
     0 | D:1      | Reached XP level 1. HP: 13/13 MP: 3/3
   117 | D:1      | Reached XP level 2. HP: 20/20 MP: 3/5
   276 | D:1      | Reached skill level 1 in Fighting
   291 | D:1      | Reached XP level 3. HP: 26/26 MP: 1/6
   507 | D:1      | Reached skill level 3 in Stealth
   515 | D:1      | Found Beedaicvud's Book Shoppe.
   641 | D:2      | Learned a level 3 spell: Passwall
   645 | D:2      | Reached XP level 4. HP: 32/32 MP: 7/7
   680 | D:2      | Reached skill level 1 in Short Blades
   710 | D:3      | Noticed Ijyb
   727 | D:3      | Paralysed by Ijyb for 4 turns
   992 | D:4      | Found Wuel's Jewellery Shoppe.
  1081 | D:4      | Found Haqope Wyst's Assorted Antiques.
  1162 | D:5      | Entered Level 5 of the Dungeon
  1224 | D:5      | Reached XP level 5. HP: 38/38 MP: 4/8
  1244 | D:5      | Noticed an ogre
  1528 | D:3      | Paralysed by Ijyb for 4 turns
  1534 | D:3      | Killed Ijyb
  1535 | D:3      | Reached skill level 1 in Throwing
  1535 | D:3      | Reached XP level 6. HP: 43/44 MP: 6/9
  1711 | D:7      | Reached skill level 4 in Stealth
  1711 | D:7      | Reached XP level 7. HP: 51/51 MP: 5/10
  1764 | D:6      | Reached skill level 1 in Evocations
  1805 | D:5      | Found a hide-covered altar of Uskayaw.
  1860 | D:5      | Found a shadowy altar of Dithmenos.
  1871 | D:5      | Became a worshipper of Dithmenos the Shadowed
  1903 | D:5      | Reached skill level 5 in Dodging
  2047 | D:6      | Reached XP level 8. HP: 56/58 MP: 0/11
  2210 | D:6      | Found a radiant altar of Vehumet.
  2220 | D:6      | Reached skill level 5 in Short Blades
  2228 | D:6      | Found a transporter.
  2230 | D:6      | Noticed Caterwaul's ghost (novice TrSh)
  2244 | D:6      | Found a transporter.
  2281 | D:6      | Reached skill level 5 in Stealth
  2530 | D:7      | Reached skill level 1 in Armour
  2613 | D:8      | Reached skill level 5 in Fighting
  2613 | D:8      | Reached skill level 6 in Stealth
  2613 | D:8      | Reached XP level 9. HP: 46/68 MP: 8/12
  2621 | D:8      | Reached * piety under Dithmenos
  2622 | D:8      | Reached skill level 1 in Shields
  2660 | D:7      | Noticed Maurice
  2675 | D:7      | Killed Maurice
  2766 | D:7      | Found a staircase to the Ecumenical Temple.
  2773 | Temple   | Found a transporter.
  2773 | Temple   | Found a transporter.
  2773 | Temple   | Found a transporter.
  2773 | Temple   | Found a transporter.
  2773 | Temple   | Entered the Ecumenical Temple
  2885 | D:7      | Noticed Menkaure
  2897 | D:7      | Killed Menkaure
  2898 | D:7      | Reached skill level 7 in Stealth
  3036 | D:7      | Reached skill level 8 in Stealth
  3073 | D:8      | Reached skill level 1 in Long Blades
  3073 | D:8      | Reached XP level 10. HP: 49/77 MP: 10/13
  3180 | D:8      | Reached skill level 9 in Stealth
  3241 | D:8      | Reached ** piety under Dithmenos
  3257 | D:8      | Found a broken altar of Ashenzari.
  3280 | D:9      | Noticed Maggie
  3302 | D:9      | Killed Maggie
  3464 | D:10     | Entered Level 10 of the Dungeon
  3508 | D:11     | Noticed a two-headed ogre
  3509 | D:11     | Killed a two-headed ogre
  3510 | D:11     | Reached skill level 10 in Stealth
  3528 | D:10     | Noticed a two-headed ogre
  3531 | D:10     | Killed a two-headed ogre
  3569 | D:10     | Noticed a manticore
  3572 | D:10     | Killed a manticore
  3593 | D:10     | Identified the +0 pair of boots of the Sun {Str+2 Int+6}
  3679 | D:10     | Reached skill level 11 in Stealth
  3691 | D:10     | Noticed a deep elf zephyrmancer
  3694 | D:10     | Killed a deep elf zephyrmancer
  3695 | D:10     | Reached skill level 5 in Long Blades
  3695 | D:10     | Reached XP level 11. HP: 83/87 MP: 14/14
  3699 | D:10     | Noticed a deep elf zephyrmancer
  3701 | D:10     | Identified the +1 hat of the Modern Orbs {Int+4}
  3702 | D:10     | Killed a deep elf zephyrmancer
  3703 | D:10     | Reached skill level 10 in Dodging
  3710 | D:10     | Identified the +2 hat "Qiduso" {*Slow rF- rC+++ Dex+4}
  3742 | D:10     | Found a flagged portal.
  3762 | Bailey   | Entered a bailey
  3790 | Bailey   | Found a large runed translucent door.
  3790 | Bailey   | Found a large runed translucent door.
  3791 | Bailey   | Noticed a deep elf pyromancer
  3793 | Bailey   | Noticed an orc knight
  3826 | Bailey   | Killed an orc knight
  3894 | Bailey   | Reached *** piety under Dithmenos
  3913 | Bailey   | Reached skill level 12 in Stealth
  3937 | Bailey   | Killed a deep elf pyromancer
  3953 | Bailey   | Identified the ring of Yheog {rF- rC+++ rCorr AC+4 Dex+3}
  4124 | D:9      | Noticed Zagger's ghost (novice DsFE)
  4281 | D:9      | Found Gupuothru's Book Shoppe.
  4371 | D:9      | Found a transporter.
  4592 | D:11     | Noticed a boulder beetle
  4595 | D:11     | Killed a boulder beetle
  4639 | D:11     | Noticed a cyclops
  4647 | D:11     | Killed a cyclops
  4648 | D:11     | Reached skill level 1 in Invocations
  4801 | D:9      | Found a viscous altar of Jiyva.
  4803 | D:9      | Found a transporter.
  4951 | D:8      | Found Siutiuta's Antique Weapon Emporium.
  4955 | D:8      | Bought a polished dagger for 210 gold pieces
  4955 | D:8      | Identified the +3 dagger of Nyugy {freeze, Int+4} (You
                  | bought it in a shop on level 8 of the Dungeon)
  4995 | D:8      | Found a staircase to the Lair.
  5001 | Lair:1   | Entered Level 1 of the Lair of Beasts
  5062 | Lair:2   | Noticed Urug
  5073 | Lair:2   | Killed Urug
  5074 | Lair:2   | Reached skill level 10 in Fighting
  5074 | Lair:2   | Reached skill level 13 in Stealth
  5074 | Lair:2   | Reached XP level 12. HP: 81/97 MP: 15/15
  5150 | Lair:2   | Learned a level 2 spell: Blink
  5164 | Lair:2   | Reached skill level 1 in Translocations
  5168 | Lair:2   | Noticed a skyshark
  5178 | Lair:2   | Noticed Nergalle
  5193 | Lair:2   | Killed a skyshark
  5293 | Lair:3   | Reached **** piety under Dithmenos
  5455 | Lair:3   | Identified the ring of the Jackalope {Fly rCorr Str+3}
  5541 | Lair:3   | Found a frozen archway.
  5543 | Lair:3   | Noticed an ice dragon
  5570 | Lair:3   | Killed an ice dragon
  5658 | IceCv    | Entered an ice cave
  5705 | Lair:4   | Reached skill level 10 in Long Blades
  5766 | Lair:3   | Found a staircase to the Snake Pit.
  5937 | Lair:3   | Reached ***** piety under Dithmenos
  6041 | Lair:4   | Noticed Snorg
  6044 | Lair:4   | Killed Snorg
  6061 | Lair:4   | Found a gate leading to a gauntlet.
  6070 | Gauntlet | Entered a Gauntlet
  6070 | Gauntlet | Found a transporter.
  6070 | Gauntlet | Found a transporter.
  6072 | Gauntlet | Found a transporter.
  6124 | Gauntlet | Found a transporter.
  6133 | Gauntlet | Found a runed translucent gate.
  6133 | Gauntlet | Found a runed translucent gate.
  6134 | Gauntlet | Found a runed translucent door.
  6135 | Gauntlet | Found a transporter.
  6135 | Gauntlet | Found a transporter.
  6137 | Gauntlet | Found a runed translucent gate.
  6137 | Gauntlet | Found a transporter.
  6139 | Gauntlet | Found a transporter.
  6141 | Gauntlet | Found a transporter.
  6141 | Gauntlet | Found a transporter.
  6143 | Gauntlet | Noticed a green death
  6143 | Gauntlet | Noticed a thrashing horror
  6182 | Gauntlet | Reached XP level 13. HP: 96/104 MP: 16/16
  6207 | Gauntlet | Found a transporter.
  6207 | Gauntlet | Identified the ring "Gamuna" {Str+4 Dex+6 Stlth+}
  6218 | Gauntlet | Reached skill level 5 in Shields
  6236 | Gauntlet | Found a transporter.
  6245 | Gauntlet | Noticed a minotaur
  6263 | Gauntlet | Killed a minotaur
  6269 | Gauntlet | Identified the +0 scale mail of Anaesthesia {rElec Int+3
                  | Dex+2}
  6304 | Lair:4   | Reached skill level 14 in Stealth
  6476 | Lair:4   | Identified the +9 whip "Conservator" {drain, *Corrode rPois
                  | rC++ Str+4}
  6498 | Lair:5   | Entered Level 5 of the Lair of Beasts
  6520 | Lair:5   | Noticed Kirke
  6543 | Lair:5   | Found a viscous altar of Jiyva.
  6543 | Lair:5   | Found a staircase to the Slime Pits.
  6951 | Lair:5   | Killed Kirke
  6978 | Lair:5   | Reached skill level 15 in Stealth
  7137 | Lair:5   | Noticed a dire elephant
  7198 | Lair:5   | Killed a dire elephant
  7231 | Lair:5   | Got an earthy gem with 1963 turns to spare
  7334 | Lair:5   | Found a bloodstained altar of Trog.
  7377 | Lair:5   | Reached XP level 14. HP: 104/114 MP: 17/17
  7453 | Lair:5   | Reached skill level 5 in Evocations
  7590 | Lair:2   | You fall into a shaft and drop 2 floors!
  7732 | Lair:2   | Paralysed by a hornet for 2 turns
  7958 | Lair:2   | Identified the ring of Pisa {rF+++ rCorr MP+9 Str-2 Stlth-}
  8276 | Lair:2   | Found a staircase to the Swamp.
  8358 | Lair:2   | Reached ****** piety under Dithmenos
  8434 | Swamp:1  | Entered Level 1 of the Swamp
  8465 | Swamp:2  | Noticed an eleionoma
  8470 | Swamp:2  | Killed an eleionoma
  8549 | Swamp:2  | Noticed an eleionoma
  8551 | Swamp:2  | Killed an eleionoma
  8577 | Swamp:3  | Noticed a ghoul
  8577 | Swamp:3  | Noticed a ghoul
  8577 | Swamp:3  | Noticed a tentacled monstrosity
  8577 | Swamp:3  | Noticed a fenstrider witch
  8582 | Swamp:3  | Noticed an eleionoma
  8583 | Swamp:3  | Killed a fenstrider witch
  8603 | Swamp:3  | Killed an eleionoma
  8637 | Swamp:4  | Entered Level 4 of the Swamp
  8762 | Swamp:4  | Noticed a thorn hunter
  8912 | Swamp:4  | Noticed a fenstrider witch
  8918 | Swamp:4  | Reached XP level 15. HP: 24/119 MP: 18/18
  8919 | Swamp:4  | Mangled by a soul eater

Illustrated notes

Levels and vault maps discovered:
D:1:      ncdulo_watergridlock, layout_basic, serial_shops, shop, minivault_23,
          grunt_decor_cap
D:2:      layout_rooms, chequers_serial_rivers_large_a
D:3:      layout_basic, serial_shops, nicolae_shop_back_alley_shop,
          chequers_serial_rivers_room_b, uniq_ijyb, uniq_grinder
D:4:      layout_gridville, kiku_gazebo_garden_becter, serial_shops, shop, shop
D:5:      layout_rooms, eat_drink_and_be_merry_uskayaw,
          nicolae_dithmenos_shadow_blocks
D:6:      layout_loops_corners, mainiacjoe_overflow_tiny_flanked,
          gammafunk_ghost_arena, grunt_ministairs_10, kennysheep_generic_room_12
D:7:      layout_layer_cave, minmay_temple_entry_hall, minivault_27,
          minmay_manual_mares, uniq_menkaure, uniq_maurice
D:8:      layout_layer_cave, mainiacjoe_overflow_cross_hatched,
          dpeg_oklobed_lair, serial_shops, nicolae_shop_just_a_little_nook,
          minmay_between
D:9:      gammafunk_jiyva_shrine, layout_irregular_city, serial_rivers,
          chequers_serial_rivers_small_3, chequers_serial_rivers_micro_a,
          chequers_serial_rivers_large_b, chequers_serial_rivers_room_a,
          chequers_serial_rivers_micro_a, gammafunk_ghost_hive, serial_shops,
          shop, uniq_maggie
D:10:     layout_roguey, enter_bailey_4, hangedman_minor_magic
D:11:     layout_roguey, uniq_erica
Temple:   hellmonk_temple_divided_pantheon
Lair:1:   layout_regular_city, chequers_serial_rivers_micro_d
Lair:2:   cheibrodos_lair_overgrown_chateau, layout_loops_ring,
          mainiacjoe_swamp_entry_angry_trees, uniq_urug, uniq_nergalle
Lair:3:   layout_big_grid, minmay_snake_entry_guardpost_small,
          portal_ice_cave_entry_animals_and_master
Lair:4:   layout_hall_layers, gauntlet_entry_generic,
          nicolae_quartered_pool_little, infiniplex_staircase_pool, uniq_snorg
Lair:5:   grunt_lair_end_beastmaster, layout_regular_city, slime_entry_1,
          basic_altar, uniq_kirke
Swamp:1:  layout_basic_swamp, evilmike_swamp_ruin_rubble_1, swamp_pool_1_2,
          nicolae_swamp_tree_designs, nicolae_swamp_tree_isthmus,
          infiniplex_staircase_pool_2
Swamp:2:  layout_basic_swamp, nicolae_swamp_big_swirl
Swamp:3:  gammafunk_sealed_arena, layout_basic_swamp,
          evilmike_swamp_ruin_house_4
Swamp:4:  nzn_swamp_witches_coven, layout_basic_swamp, beargit_elvish_explorers

Skill      XL: |  1  2  3  4  5  6  7  8  9 10 11 12 13 14 |
---------------+-------------------------------------------+-----
Dodging        | 3 4 5 6 7 9 12 13 14 | 14.5
Fighting       | 1 2 3 5 6 8 10 11 12 | 12.2
Stealth        | 3 4 6 8 11 13 15 | 15.8
Short Blades   | 1 2 3 4 6 |  6.0
Earth Magic    | 3 4 |  4.0
Throwing       | 1 2 |  2.0
Evocations     | 1 2 4 9 |  9.3
Armour         | 2 3 |  3.8
Shields        | 4 5 |  5.9
Long Blades    | 1 5 8 11 13 | 13.4
Invocations    | 2 |  2.0
Translocations | 3 |  3.9
Spellcasting   | |  2.0
Conjurations   | |  0.7

Action                     |  1- 3 |  4- 6 |  7- 9 | 10-12 | 13-15 || total
---------------------------+-------+-------+-------+-------+-------++-------
  Melee: Dagger            |    28 |    40 |    57 |   515 |   422 ||  1062
         Short sword       |       |       |    88 |       |       ||    88
         Scimitar          |       |       |    61 |   166 |   225 ||   452
         Punch             |       |       |     2 |       |       ||     2
         Tailslap          |       |       |       |     6 |    15 ||    21
         Unarmed           |       |       |       |       |     7 ||     7
   Fire: Sling             |     6 |    10 |     1 |    31 |       ||    48
  Throw: Stone             |       |     1 |     9 |       |       ||    10
         Dart              |       |     8 |    19 |    42 |    30 ||    99
         Throwing net      |       |       |       |     2 |       ||     2
         Boomerang         |       |       |       |     7 |     4 ||    11
         Javelin           |       |       |       |     2 |       ||     2
   Cast: Sandblast         |    44 |    55 |    77 |    22 |       ||   198
         Passwall          |       |       |     2 |     7 |     8 ||    17
         Blink             |       |       |       |     4 |     7 ||    11
 Invoke: Shadow Step       |       |       |       |       |     3 ||     3
Ability: Evoke Invisibilit |       |       |       |       |     2 ||     2
  Evoke: Wand              |       |     5 |     8 |     9 |    45 ||    67
         Lightning rod     |       |       |       |       |     3 ||     3
    Use: Scroll            |       |     1 |     3 |     3 |     9 ||    16
         Potion            |       |       |       |     2 |     5 ||     7
   Stab: Sleeping          |     5 |     6 |     6 |    42 |    40 ||    99
         Distracted        |     1 |     1 |       |     2 |     1 ||     5
         Invisible         |       |     2 |       |       |     4 ||     6
         Paralysed         |       |     2 |     1 |       |       ||     3
         Held in net/web   |       |       |     1 |     1 |       ||     2
         Petrified         |       |       |       |       |     4 ||     4
         Petrifying        |       |       |       |       |     2 ||     2
 Armour: Robe              |     8 |    21 |    44 |       |       ||    73
         Leather armour    |       |       |    14 |   150 |       ||   164
         Steam dragon scal |       |       |    34 |    41 |       ||    75
         Troll leather arm |       |       |       |    28 |   310 ||   338
         Skin              |       |       |       |       |     3 ||     3
  Dodge: Dodged            |    40 |    49 |   207 |   425 |   686 ||  1407
  Block: Other             |       |     7 |    42 |       |       ||    49
         Reflection        |       |     1 |     3 |     8 |       ||    12
         Buckler           |       |       |    45 |   380 |   207 ||   632
